3366 views
Uploaded 2020-04-30 18:43:55
Game version 1.32.4 / 1.32.5
12:47 long 1on1 private game on (2)LastRefuge
Saved by Dziango
3366 views
Uploaded 2020-04-30 18:43:55
Game version 1.32.4 / 1.32.5
12:47 long 1on1 private game on (2)LastRefuge
17 units @ 2.9k
/ 0.5k
10 buildings @ 1.6k
/ 0.5k



| Rod of Necromancy | 2 | 300 |
| Potion of Healing | 1 | 150 |
| Potion of Mana | 1 | 200 |
| Orb of Corruption | 1 | 375 |
| Scroll of Healing | 1 | 250 |
| Scroll of Protection | 1 | 150 |
| total: | 7 | 1425g |
| Acolyte | 4 | 300 | / | 0 |
| Ghoul | 2 | 240 | / | 0 |
| Crypt Fiend | 6 | 1290 | / | 240 |
| Obsidian Statue | 4 | 800 | / | 140 |
| Abomination | 1 | 240 | / | 70 |
| total: | 17 | 2870g | / | 450w |
| Ziggurat | 5 | 750 | / | 250 |
| Altar of Darkness | 1 | 180 | / | 50 |
| Crypt | 1 | 200 | / | 50 |
| Tomb of Relics | 1 | 130 | / | 30 |
| Graveyard | 1 | 215 | / | 0 |
| Slaughterhouse | 1 | 140 | / | 135 |
| Halls of the Dead | 1 | 320 | / | 210 |
| Black Citadel | 1 | 325 | / | 230 |
| total: | 10 | 1615g | / | 515w |
| 0:01 | Acolyte |
| 0:05 | Ziggurat |
| 0:08 | Altar of Darkness |
| 0:14 | Acolyte |
| 0:33 | Crypt |
| 0:40 | Acolyte |
| 0:56 | Tomb of Relics |
| 1:19 | Graveyard |
| 1:34 | Ghoul |
| 1:42 | Ghoul |
| 2:06 | Rod of Necromancy |
| 2:07 | Death Coil |
| 2:42 | Halls of the Dead |
| 2:58 | Crypt Fiend |
| 3:09 | Ziggurat |
| 3:50 | Unholy Aura |
| 4:02 | Crypt Fiend |
| 4:07 | Crypt Fiend |
| 5:06 | Black Citadel |
| 5:25 | Frost Arrows |
| 5:41 | Ziggurat |
| 5:48 | Rod of Necromancy |
| 6:12 | Slaughterhouse |
| 6:29 | Death Coil |
| 6:48 | Burrow |
| 6:57 | Potion of Healing |
| 7:11 | Potion of Mana |
| 7:16 | Forked Lightning |
| 7:21 | Obsidian Statue |
| 7:44 | Ziggurat |
| 8:02 | Obsidian Statue |
| 8:35 | Orb of Corruption |
| 8:45 | Frost Nova |
| 8:46 | Destroyer Form |
| 9:00 | Obsidian Statue |
| 9:05 | Crypt Fiend |
| 9:34 | Obsidian Statue |
| 10:00 | Crypt Fiend |
| 10:26 | Abomination |
| 10:34 | Ziggurat |
| 11:00 | Disease Cloud |
| 11:02 | Creature Attack |
| 11:09 | Dark Ritual |
| 11:37 | Unholy Aura |
| 12:10 | Crypt Fiend |
| 12:12 | Acolyte |
| 12:16 | Scroll of Healing |
| 12:18 | Scroll of Protection |
21 units @ 2.3k
/ 0.4k
12 buildings @ 1.9k
/ 0.8k


| Orb of Venom | 1 | 325 |
| Boots of Speed | 1 | 250 |
| Potion of Lesser Invulnerability | 1 | 150 |
| total: | 3 | 725g |
| Wisp | 12 | 720 | / | 0 |
| Archer | 4 | 520 | / | 40 |
| Dryad | 2 | 290 | / | 120 |
| Druid of the Claw | 3 | 765 | / | 240 |
| total: | 21 | 2295g | / | 400w |
| Altar of Elders | 2 | 360 | / | 100 |
| Moon Well | 4 | 720 | / | 160 |
| Ancient of War | 1 | 150 | / | 60 |
| Ancient of Wonders | 2 | 180 | / | 60 |
| Hunter's Hall | 1 | 210 | / | 100 |
| Ancient of Lore | 2 | 310 | / | 290 |
| Tree of Ages | 1 | 320 | / | 180 |
| Tree of Eternity | 1 | 330 | / | 200 |
| total: | 12 | 1930g | / | 770w |
| 0:01 | Wisp |
| 0:04 | Altar of Elders |
| 0:05 | Altar of Elders |
| 0:08 | Wisp |
| 0:16 | Moon Well |
| 0:22 | Ancient of War |
| 0:30 | Wisp |
| 0:37 | Wisp |
| 0:45 | Wisp |
| 0:55 | Wisp |
| 1:01 | Wisp |
| 1:14 | Wisp |
| 1:23 | Archer |
| 1:35 | Moon Well |
| 1:40 | Wisp |
| 1:54 | Wisp |
| 2:10 | Ancient of Wonders |
| 2:28 | Archer |
| 2:31 | Evasion |
| 2:41 | Tree of Ages |
| 2:55 | Archer |
| 3:09 | Mana Burn |
| 3:22 | Archer |
| 3:34 | Hunter's Hall |
| 3:36 | Moon Well |
| 4:26 | Mana Burn |
| 5:00 | Boots of Speed |
| 5:04 | Ancient of Lore |
| 5:10 | Breath of Fire |
| 6:04 | Tree of Eternity |
| 6:05 | Ancient of Lore |
| 6:18 | Dryad |
| 7:22 | Druid of the Claw Adept Training |
| 7:22 | Druid of the Claw |
| 7:39 | Drunken Haze |
| 8:02 | Moon Well |
| 8:04 | Ancient of Wonders |
| 8:25 | Druid of the Claw Master Training |
| 8:26 | Dryad |
| 9:16 | Orb of Venom |
| 9:54 | Druid of the Claw |
| 9:55 | Backpack |
| 10:41 | Wisp |
| 10:41 | Wisp |
| 10:42 | Druid of the Claw |
| 11:05 | Potion of Lesser Invulnerability |